 Dungeon Crawl Stone Soup version 0.24-a0-479-g9a978d2 (webtiles) character file.

Game seed: 15560331379797484204

12138 Espgualade the Zephyrmancer (level 11, -1/54 HPs)
             Began as a Tengu Ice Elementalist on July 6, 2019.
             Was a Priest of Vehumet.
             Killed from afar by a hell hound (11 damage)
             ... with a blast of flame
             ... in a Gauntlet.
             The game lasted 00:52:25 (15576 turns).

Espgualade the Zephyrmancer (TeIE)                 Turns: 15576, Time: 00:52:26

Health: -1/54      AC:  6    Str:  9    XL:     11   Next: 88%
Magic:  16/22      EV: 20    Int: 23    God:    Vehumet [***...]
Gold:   488        SH:  0    Dex: 17    Spells: 2/24 levels left

rFire    + . .     SeeInvis .   J - +5 dire flail of Ukoeli {crush, *Noise rPois Int+4 Dex+3}
rCold    + . .     Gourm    .   (shield currently unavailable)
rNeg     . . .     Faith    .   a - +2 robe
rPois    +         Spirit   .   (helmet restricted)
rElec    .         Reflect  .   o - +1 cloak {+Inv}
rCorr    .         Harm     .   (no gloves)
MR       .....     NoTele   +   (boots unavailable)
Stlth    ++++......             h - amulet of regeneration
HPRegen  0.58/turn              g - ring of protection from cold
MPRegen  0.18/turn              j - ring of protection from fire

@: flying quickly and evasively, quick
A: beak, talons 3, able to fly
a: Stop Flying, Renounce Religion, Evoke Invisibility


You were in a Gauntlet.
You worshipped Vehumet.
Vehumet was most pleased with you.
You were not hungry.

You visited 3 branches of the dungeon, and saw 14 of its levels.
You also visited: Ossuary and Gauntlet.

You collected 488 gold pieces.

Inventory:

Hand Weapons
 b - a +0 dagger
 e - a +1 flail of protection
 l - a +0 falchion
 n - a +2 quarterstaff of chaos
 x - the +9 spear "Beneosab" {drain, rF+ MR+, unknown}
   (You found it in a Gauntlet)

   A truly terrible weapon, it drains the life of those it strikes.
   It protects you from fire.
   It affects your resistance to hostile enchantments.
 J - the +5 dire flail of Ukoeli (weapon) {crush, *Noise rPois Int+4 Dex+3}
   (You took it off a two-headed ogre on level 7 of the Dungeon)

   It inflicts extra damage upon your enemies.
   It affects your intelligence (+4).
   It affects your dexterity (+3).
   It protects you from poison.
   It may make noises in combat.
Armour
 a - a +2 robe (worn)
 k - a scarf of spirit shield
 o - a +1 cloak of invisibility (worn)
 G - a scarf of cloud immunity
Jewellery
 g - a ring of protection from cold (left hand)
 h - an amulet of regeneration (around neck)
 j - a ring of protection from fire (right hand)
 v - a +3 ring of slaying
Wands
 m - a wand of random effects (24)
 y - a wand of iceblast (18)
 A - a wand of polymorph (8)
 D - a wand of enslavement (6)
 E - a wand of clouds (4)
 M - a wand of disintegration (4)
Scrolls
 d - 4 scrolls of amnesia
 f - 9 scrolls of remove curse
 i - 5 scrolls of identify
 q - 2 scrolls of teleportation
 r - 2 scrolls of noise
 u - 3 scrolls of immolation
 w - 2 scrolls of fog
 B - 2 scrolls of summoning {unknown}
 K - a scroll of enchant armour
Potions
 p - 4 potions of flight
 s - 8 potions of curing
 t - 3 potions of lignification
 z - a potion of brilliance
 C - a potion of berserk rage
 F - a potion of cancellation
 H - a potion of agility
 I - 2 potions of might
Comestibles
 c - 26 rations


   Skills:
 - Level 7.1 Dodging
 - Level 7.1 Stealth
 - Level 7.0 Spellcasting
 - Level 10.0 Conjurations
 + Level 9.3 Summonings
 - Level 6.0 Ice Magic
 - Level 10.3 Air Magic


You had 2 spell levels left.
You knew the following spells:

 Your Spells              Type           Power        Failure   Level  Hunger
a - Freeze                Ice            ####         1%          1    None
b - Throw Frost           Conj/Ice       #####.       1%          2    None
c - Ozocubu's Armour      Chrm/Ice       ###.....     7%          3    None
d - Throw Icicle          Conj/Ice       #####...     1%          4    ###....
e - Summon Ice Beast      Ice/Summ       #####...     3%          4    ###....
f - Lightning Bolt        Conj/Air       ######....   1%          5    #####..
g - Mephitic Cloud        Conj/Pois/Air  #####...     1%          3    None

Your spell library contained the following spells:

 Spells                   Type           Power        Failure   Level  Hunger
 Shock                    Conj/Air       ####         1%          1    None
 Swiftness                Chrm/Air       ####....     1%          2    None
 Static Discharge         Conj/Air       ######..     1%          3    None
 Airstrike                Air            ######....   1%          4    ###....


Dungeon Overview and Level Annotations

Branches:
Dungeon (10/15)            Temple (1/1) D:7            Lair (3/6) D:9
    Orc (0/2) D:9
  Swamp: Lair:2-4    Shoals: Lair:2-4     Snake: Lair:2-4    Spider: Lair:2-4

Altars:
Ashenzari
Cheibriados
Dithmenos
Elyvilon
Fedhas
Gozag
Hepliaklqana
Kikubaaqudgha
Makhleb
Nemelex Xobeh
Okawaru
Qazlal
Ru
Sif Muna
Trog
Uskayaw
Vehumet
Wu Jian
Xom
Yredelemnul
Zin
The Shining One

Shops:
D:7 *   D:8 %

Annotations:
D:10 Erolcha
Lair:1 Erica Gauntlet 6 transporters


Innate Abilities, Weirdness & Mutations

You have a beak for a mouth.
You have claws for feet.
You can fly continuously.


Message History

Okay, then.
Casting: Summon Ice Beast (safe; 3% risk of failure)
Confirm with . or Enter, or press ? or * to list all spells.
Okay, then.
Casting: Summon Ice Beast (safe; 3% risk of failure)
Confirm with . or Enter, or press ? or * to list all spells.
Aiming: Mephitic Cloud (safe; 1% risk of failure)
Press: ? - help, Shift-Dir - straight line, f - hell hound
Aim: a hell hound The ball explodes into a vile cloud!
The stinking cloud engulfs the hell hog but does no damage.
The stinking cloud engulfs the hell hound but does no damage.
The stinking cloud engulfs you but does no damage.
The hell hog is engulfed in noxious fumes.
The hell hog appears confused.
The hell hog bites you.
* * * LOW HITPOINT WARNING * * *
The hell hound breathes flames at you.
The blast of flame hits the hell hog.
The hell hog resists.
The blast of flame hits you! You resist.
You die...

#...#..#..}=2!...#...#.
#.8.#..###########...##
##...#≈..........§..§...
...8.#∩............§8≈..
##...#≈...........§.≈...
#.8.#..###########...##
#...#..#....§.(..#...#.
#.8.####b.##.##..#...#.
#...hh@#b##...##h#...#$
#.8.####.#.....#.#.###?
#...#..#....©....#.#©#©
#≈8 #..#.#.....#.#.#.#.
## #..#.##...##.#.#.#.
#..#..##.##..#.#.#.
#..#.......h.#.#.#p
#..#############.##
#......#§........#.


You could see a hell hog (confused), a hell hound and 2 fire bats.

Vanquished Creatures
  2 two-headed ogres
  Pikel (D:5)
  The ghost of dforspid the Shooter, a novice DsWn of Okawaru (D:7)
  2 komodo dragons
  2 blink frogs
  Sigmund (D:2)
  A centaur simulacrum (Gauntlet)
  5 hippogriffs
  A wyvern (D:9)
  A basilisk (D:9)
  Edmund (D:4)
  An acid dragon (D:9)
  2 water moccasins
  2 porcupines (Lair:2)
  An ice beast (D:5)
  2 orc warriors
  A slave (D:3)
  5 ogres
  2 centaurs
  4 crocodiles
  12 bullfrogs
  A hornet simulacrum (Gauntlet)
  5 scorpions
  2 killer bees (D:9)
  5 howler monkeys
  4 crimson imps
  A centaur skeleton (D:5)
  3 centaur zombies (Ossuary)
  2 jellies
  A wyvern simulacrum (Gauntlet)
  Crazy Yiuf (D:5)
  3 hounds
  6 orc wizards
  3 orc priests
  A human zombie (Ossuary)
  6 bullfrog skeletons
  An iguana (D:9)
  8 worker ants
  2 big kobold zombies (Ossuary)
  4 mummies
  A worker ant zombie (D:7)
  A howler monkey skeleton (D:8)
  13 adders
  An ooze (D:1)
  2 worms
  3 dart slugs
  4 leopard geckos
  16 orcs
  10 giant cockroaches
  9 goblins
  10 hobgoblins
  11 jackals
  11 kobolds
  5 quokkas
  2 ball pythons (D:5)
  7 bats
  5 frilled lizards
  A goblin zombie (D:6)
  A kobold zombie (D:6)
  A leopard gecko skeleton (D:8)
  2 orc zombies (Ossuary)
  22 rats
247 creatures vanquished.

Vanquished Creatures (collateral kills)
  3 hydras
  A rime drake (Lair:2)
  2 komodo dragons
  6 blink frogs
  A hippogriff (Lair:1)
  3 wyverns (D:9)
  5 yaks (D:9)
  Menkaure (D:4)
  A porcupine (Lair:2)
  2 ice beasts
  A black bear (D:10)
  2 ogres (D:7)
  2 big kobolds
  A bullfrog (Lair:3)
  A water moccasin skeleton (D:9)
  3 killer bees (D:9)
  A howler monkey (D:10)
  2 hounds
  An iguana (D:9)
  A mummy (D:9)
  3 orcs (D:8)
  A giant cockroach (D:8)
  9 kobolds
53 creatures vanquished.

Vanquished Creatures (others)
  An orc wizard (D:7)
  An orc (D:5)
  5 fungi
  2 plants (Lair:2)
  3 withered plants (Gauntlet)
12 creatures vanquished.

Grand Total: 312 creatures vanquished

Notes
Turn   | Place    | Note
-------+----------+-------------------------------------------
     0 | D:1      | Espgualade the Tengu Ice Elementalist began the quest for
                  | the Orb.
     0 | D:1      | Reached XP level 1. HP: 10/10 MP: 4/4
    38 | D:1      | Reached XP level 2. HP: 10/15 MP: 0/6
   538 | D:1      | Reached XP level 3. HP: 19/19 MP: 7/7
  1163 | D:1      | Learned a level 2 spell: Throw Frost
  1167 | D:1      | Learned a level 3 spell: Ozocubu's Armour
  1223 | D:2      | Reached XP level 4. HP: 16/24 MP: 5/8
  1457 | D:2      | Found a hide-covered altar of Uskayaw.
  1662 | D:2      | Found a stormy altar of Qazlal.
  1697 | D:2      | Noticed Sigmund
  2041 | D:3      | Reached skill level 5 in Ice Magic
  2072 | D:3      | Gained mutation: You can fly continuously. [Tengu growth]
  2072 | D:3      | Reached XP level 5. HP: 28/28 MP: 7/9
  2487 | D:3      | Found a blossoming altar of Fedhas.
  3168 | D:4      | Noticed Menkaure
  3265 | D:4      | Noticed Edmund
  3788 | D:4      | Killed Edmund
  3788 | D:4      | Reached skill level 5 in Dodging
  3788 | D:4      | Reached XP level 6. HP: 16/32 MP: 0/10
  4279 | D:5      | Entered Level 5 of the Dungeon
  4387 | D:5      | Reached XP level 7. HP: 25/36 MP: 5/11
  4720 | D:5      | Found a runed translucent door.
  4721 | D:5      | Noticed Crazy Yiuf
  5306 | D:5      | Found a radiant altar of Vehumet.
  5342 | D:5      | Became a worshipper of Vehumet
  5409 | D:5      | Found an iron altar of Okawaru.
  5420 | D:5      | Reached XP level 8. HP: 41/41 MP: 10/15
  5556 | D:5      | Noticed Pikel
  5830 | D:5      | Killed Crazy Yiuf
  6021 | D:5      | Killed Pikel
  6347 | D:5      | Found a burning altar of Makhleb.
  6372 | D:5      | Learned a level 4 spell: Throw Icicle
  6377 | D:5      | Learned a level 4 spell: Summon Ice Beast
  6576 | D:6      | Reached XP level 9. HP: 25/45 MP: 8/20
  6583 | D:6      | Reached skill level 5 in Conjurations
  6752 | D:6      | Reached * piety under Vehumet
  6752 | D:6      | Offered knowledge of Sting by Vehumet.
  6783 | D:6      | Found a sand-covered staircase.
  6788 | Ossuary  | Entered an ossuary
  7181 | D:6      | Reached skill level 1 in Summonings
  7372 | D:6      | Found a hazy altar of Hepliaklqana.
  7680 | D:7      | Found Giseadd's Mass Market.
  7723 | D:7      | Found a transporter.
  7724 | D:7      | Noticed dforspid's ghost (novice DsWn)
  7725 | D:7      | Identified the +5 dire flail of Ukoeli {crush, *Noise rPois
                  | Int+4 Dex+3}
  7725 | D:7      | Noticed a two-headed ogre
  7729 | D:7      | Found a transporter.
  7889 | D:7      | Found a staircase to the Ecumenical Temple.
  7896 | D:7      | Reached skill level 5 in Summonings
  8555 | Temple   | Entered the Ecumenical Temple
  8835 | D:8      | Found Tadyiz's Food Shoppe.
  9384 | D:8      | Offered knowledge of Throw Flame by Vehumet.
  9386 | D:8      | Reached ** piety under Vehumet
  9611 | D:8      | Reached XP level 10. HP: 36/50 MP: 12/21
 10075 | D:8      | Found a deep blue altar of Sif Muna.
 10105 | D:8      | Learned a level 5 spell: Lightning Bolt
 10128 | D:9      | Found a snail-covered altar of Cheibriados.
 10140 | D:9      | You are sucked into a shaft and drop 1 floor!
 10140 | D:10     | Entered Level 10 of the Dungeon
 10237 | D:9      | Found a sparkling altar of Nemelex Xobeh.
 10453 | D:9      | Noticed a two-headed ogre
 10472 | D:9      | Killed a two-headed ogre
 10472 | D:9      | Reached skill level 5 in Stealth
 10927 | D:9      | Offered knowledge of Dazzling Spray by Vehumet.
 11257 | D:9      | Reached *** piety under Vehumet
 11511 | D:9      | Reached skill level 1 in Air Magic
 11713 | D:9      | Found a staircase to the Orcish Mines.
 11797 | D:9      | Found a staircase to the Lair.
 12016 | D:10     | Noticed Erolcha
 12052 | D:10     | Reached skill level 5 in Air Magic
 12616 | D:2      | Killed Sigmund
 12616 | D:2      | Offered knowledge of Mephitic Cloud by Vehumet.
 12616 | D:2      | Reached XP level 11. HP: 51/54 MP: 9/22
 12744 | D:4      | Killed Menkaure
 12959 | D:7      | Killed dforspid's ghost
 12996 | D:7      | Killed a two-headed ogre
 13212 | Lair:1   | Entered Level 1 of the Lair of Beasts
 13416 | Lair:1   | Noticed Erica
 13549 | Lair:1   | Noticed an eight-headed hydra
 13569 | Lair:1   | Killed an eight-headed hydra
 13775 | Lair:1   | Reached skill level 10 in Air Magic
 14544 | Lair:2   | Learned a level 3 spell: Mephitic Cloud
 14746 | Lair:2   | You are sucked into a shaft and drop 1 floor!
 14826 | Lair:3   | Found a gate leading to a gauntlet.
 14829 | Lair:3   | Noticed a seven-headed hydra
 14833 | Lair:3   | Noticed a five-headed hydra
 14983 | Lair:2   | Reached skill level 10 in Conjurations
 15121 | Lair:3   | Killed a five-headed hydra
 15142 | Lair:3   | Killed a seven-headed hydra
 15165 | Gauntlet | Entered a Gauntlet
 15165 | Gauntlet | Found a transporter.
 15165 | Gauntlet | Found a transporter.
 15249 | Gauntlet | Found a transporter.
 15254 | Gauntlet | Noticed a worldbinder
 15255 | Gauntlet | Found a transporter.
 15265 | Gauntlet | Noticed a necromancer
 15266 | Gauntlet | Found a transporter.
 15275 | Gauntlet | Noticed a green death
 15277 | Gauntlet | Found a transporter.
 15277 | Gauntlet | Found a transporter.
 15277 | Gauntlet | Noticed a hell hog
 15280 | Gauntlet | Found a transporter.
 15351 | Gauntlet | Found a transporter.
 15373 | Gauntlet | Found a transporter.
 15409 | Gauntlet | Got a scorched spear
 15413 | Gauntlet | Found a transporter.
 15453 | Gauntlet | Found a transporter.
 15576 | Gauntlet | Killed from afar by a hell hound

Levels and vault maps discovered:
D:1:      erik_arrival_orb_chamber, layout_basic
D:2:      layout_basic, lemuel_doored_altar, grunt_qazlal_clouds, first_ration,
          uniq_sigmund
D:3:      layout_basic, lemuel_coloured_pillars_altar
D:4:      layout_loops_cross, uniq_menkaure, uniq_edmund
D:5:      layout_cave_pods, makhleb_grotto_becter, overflow_temple_1_default,
          lemuel_tele_altar, uniq_pikel, uniq_crazy_yiuf_cottage
D:6:      layout_basic, nicolae_overflow_hidden_temple,
          nicolae_ossuary_entry_giza, gup_sewer_entry_glass, minmay_starry_boxes
D:7:      layout_loops_cross, minmay_temple_entry_arrows, gammafunk_ghost_smash,
          minmay_shop_mass, grunt_ogre_cave
D:8:      layout_gridville, tgw_sif, serial_shops, nicolae_shop_waterfront
D:9:      layout_small_grid, slow_altar_1, nicolae_overflow_crystal_walls,
          erik_lair_dragon, orc_0_dummy
D:10:     layout_irregular_city, serial_shops, nicolae_shop_crystal,
          uniq_erolcha
Temple:   oiseaux_autumnal_temple
Lair:1:   layout_cave_pods, uniq_erica
Lair:2:   layout_small_grid, spider_nest_entry_funnel_web, serial_bayou_pond_b
Lair:3:   layout_small_grid, portal_ice_cave_demonic_guard,
          gauntlet_entry_generic
Gauntlet: gammafunk_gauntlet_branching [nicolae_gauntlet_arena_flowing_pool,
          gammafunk_gauntlet_arena_corners,
          gammafunk_gauntlet_arena_arrow_garden, gammafunk_gauntlet_arena_grid,
          gammafunk_gauntlet_arena_spirals, nicolae_gauntlet_arena_grate_2,
          gammafunk_gauntlet_arena_split_diamond,
          gammafunk_gauntlet_arena_chambers, gauntlet_exit_spiral]

Skill      XL: |  1  2  3  4  5  6  7  8  9 10 11 |
---------------+----------------------------------+-----
Ice Magic      | 3 4 5 6 |  6.0
Dodging        | 5 6 7 |  7.1
Spellcasting   | 4 7 |  7.0
Conjurations   | 4 7 10 | 10.0
Summonings     | 8 9 |  9.3
Stealth        | 7 |  7.1
Air Magic      | 6 10 | 10.3

Action                   |  1- 3 |  4- 6 |  7- 9 | 10-12 || total
-------------------------+-------+-------+-------+-------++-------
Melee: Unarmed           |    28 |       |       |       ||    28
       Kick              |    17 |    16 |    67 |    23 ||   123
       Peck              |     8 |     6 |    51 |    11 ||    76
       Dagger            |    32 |    81 |    15 |       ||   128
       Flail             |       |       |    19 |       ||    19
       Falchion          |       |       |   169 |    32 ||   201
       Dire flail        |       |       |       |    12 ||    12
 Cast: Freeze            |    36 |    81 |   123 |   101 ||   341
       Throw Frost       |       |     7 |    40 |    14 ||    61
       Ozocubu's Armour  |       |       |     8 |     1 ||     9
       Throw Icicle      |       |       |     8 |    58 ||    66
       Summon Ice Beast  |       |       |     7 |    61 ||    68
       Lightning Bolt    |       |       |       |     1 ||     1
       Mephitic Cloud    |       |       |       |     1 ||     1
 Abil: Fly               |       |       |     1 |       ||     1
Evoke: Wand              |       |       |     6 |    11 ||    17
  Use: Scroll            |     1 |     6 |    12 |    13 ||    32
       Potion            |       |     1 |       |     4 ||     5
 Stab: Sleeping          |     3 |     5 |     6 |     2 ||    16
       Distracted        |       |       |       |     1 ||     1
  Eat: Chunk             |     1 |     9 |     8 |    16 ||    34
       Ration            |       |     1 |     3 |     5 ||     9
Armor: Robe              |     9 |    26 |    45 |    25 ||   105
Dodge: Dodged            |    56 |    84 |   284 |   198 ||   622
       Rpst.: Falchion   |       |       |    81 |    25 ||   106

Table legend:
 A = Non-vault XP
 B = Vault XP
 C = Vault XP percentage of total XP
 D = Non-vault monster count
 E = Vault monster count
 F = Vault count percentage of total count
                 A         B        C        D         E       F
            +---------+---------+-------+---------+---------+-------
      Total |   12403 |    4938 |  28.5 |     239 |      61 |  20.3
            +---------+---------+-------+---------+---------+-------
        D:1 |      51 |      12 |  19.0 |      26 |      12 |  31.6
        D:2 |      60 |     220 |  78.6 |      21 |       1 |   4.5
        D:3 |     129 |       0 |   0.0 |      27 |       0 |   0.0
        D:4 |     114 |     265 |  69.9 |       9 |       2 |  18.2
        D:5 |    1082 |     775 |  41.7 |      26 |       3 |  10.3
        D:6 |     599 |     266 |  30.8 |      15 |      13 |  46.4
        D:7 |     678 |    1648 |  70.9 |      17 |       6 |  26.1
        D:8 |     773 |      32 |   4.0 |      28 |       1 |   3.4
        D:9 |    2928 |     852 |  22.5 |      29 |       7 |  19.4
       D:10 |     238 |       0 |   0.0 |      12 |       0 |   0.0
     Lair:1 |    2239 |       0 |   0.0 |      12 |       0 |   0.0
     Lair:2 |    2065 |     264 |  11.3 |      12 |       2 |  14.3
     Lair:3 |    1447 |       0 |   0.0 |       5 |       0 |   0.0
    Ossuary |       0 |     287 | 100.0 |       0 |      11 | 100.0
   Gauntlet |       0 |     317 | 100.0 |       0 |       3 | 100.0
            +---------+---------+-------+---------+---------+-------
